 Dungeon Crawl Stone Soup version 0.25.1-2-g60ff931df9 (webtiles) character file.

Game seed: 5416549427633013870

98 DogServant the Ducker (level 4, 0/33 HPs)
             Began as a Merfolk Gladiator on Nov 9, 2020.
             Killed by divine providence
             ... invoked by an orc priest
              (13 damage)
             ... on level 3 of the Dungeon.
             The game lasted 00:02:16 (1892 turns).

DogServant the Ducker (Merfolk Gladiator)           Turns: 1892, Time: 00:02:16

Health: 0/33       AC:  6    Str: 15    XL:     4   Next: 69%
Magic:  4/4        EV: 14    Int:  7    God:
Gold:   93         SH:  0    Dex: 15    Spells: 3/3 levels left

rFire    . . .     SeeInvis .   a - +0 long sword
rCold    . . .     Gourm    .   (no shield)
rNeg     . . .     Faith    .   o - +0 ring mail
rPois    .         Spirit   .   c - +0 helmet
rElec    .         Reflect  .   (no cloak)
rCorr    .         Harm     .   (no gloves)
MR       .....                  (no boots)
Stlth    +.........             (no amulet)
HPRegen  0.11/turn              (no ring)
MPRegen  0.09/turn              (no ring)

@: no status effects
A: change form in water, swift swim, stealthy swim
a: no special abilities


You were on level 3 of the Dungeon.
You were not hungry.

You visited 1 branch of the dungeon, and saw 3 of its levels.

You collected 93 gold pieces.

Inventory:

Hand Weapons
 a - a +0 long sword (weapon)
Missiles
 d - 2 throwing nets
 l - 7 poisoned darts (quivered)
Armour
 b - a +0 leather armour
 c - a +0 helmet (worn)
 o - a +0 ring mail (worn)
Scrolls
 e - a scroll of enchant armour {unknown}
 h - 3 scrolls of teleportation {unknown}
 i - 2 scrolls of remove curse {unknown}
 j - 2 scrolls of identify {unknown}
Potions
 g - a potion of curing {unknown}
 k - a potion of ambrosia {unknown}
 m - a potion of berserk rage {unknown}
 n - a potion of stabbing {unknown}
Comestibles
 f - 3 rations


   Skills:
 - Level 2.1 Fighting
 + Level 4.7 Long Blades
 - Level 2.0 Throwing
 + Level 5.7 Dodging


You had 3 spell levels left.
You didn't know any spells.
Your spell library was empty.

Dungeon Overview and Level Annotations

Branches:
Dungeon (3/15)

Altars:
Cheibriados


Message History

Throwing (i - inventory. (/) - cycle)
l - 8 poisoned darts (quivered)
Press: ? - help, Shift-Dir - straight line, f/p - orc
Aim: an orc, wielding a +1 trident of flaming and wearing a +0 ring mail (very poisoned)
You throw a poisoned dart. The poisoned dart hits the orc.
The orc looks as sick as possible!
You kill the orc!
The orc priest begins to cast a cantrip, but forgets the words!
Unknown command.
The orc misses you.
The orc priest invokes the aid of Beogh against you.
Beogh smites you!
You hit the orc.
The orc is severely wounded.
The orc hits you with a +0 hand axe!
The orc priest looks satisfied for a moment.
You hit the orc.
The orc is almost dead.
The orc priest calls down the wrath of Beogh upon you.
Beogh smites you!
You die...

#..###........## #..
#..##........#+ #.#+#
#..)...#+#...# #.#.# ...#####
##..# #.#.# #..# ##.#
#.#'#+#### ##.# #.#
#.....((... ...#
######'######..(.....(. ....
............o.)o.......(
....+...........@##..........
... ######....#.####+#+#####
#....#[# ###..#.# ##.#.+
#..## ##. . #.


You could see an orc priest and an orc.

Vanquished Creatures
  An orc priest (D:3)
  A gnoll (D:1)
  An adder (D:2)
  A dart slug (D:3)
  2 leopard geckos
  7 orcs
  3 giant cockroaches
  3 goblins
  5 hobgoblins
  3 bats
  9 kobolds
  4 rats
40 creatures vanquished.

Notes
Turn   | Place    | Note
-------+----------+-------------------------------------------
     0 | D:1      | DogServant the Merfolk Gladiator began the quest for the
                  | Orb.
     0 | D:1      | Reached XP level 1. HP: 16/16 MP: 1/1
   229 | D:1      | Reached XP level 2. HP: 14/22 MP: 2/2
   508 | D:1      | Reached XP level 3. HP: 21/27 MP: 3/3
  1224 | D:2      | Found a faded altar of an unknown god.
  1228 | D:2      | Reached skill level 5 in Dodging
  1311 | D:3      | Found a snail-covered altar of Cheibriados.
  1520 | D:3      | Reached XP level 4. HP: 32/33 MP: 4/4
  1892 | D:3      | Killed from afar by an orc priest

Illustrated notes

Levels and vault maps discovered:
D:1:      giann_forest_graveyard, layout_basic
D:2:      layout_basic, chequers_ecumenical_altar_lobes
D:3:      layout_basic, kennysheep_slug_shrine, kennysheep_vampire_church,
          minmay_pentangle

Skill      XL: |  1  2  3 |
---------------+----------+-----
Long Blades    | 4 |  4.7
Dodging        | 5 |  5.7
Fighting       | |  2.1
Throwing       | |  2.0

Action                   |  1- 3 |  4- 6 || total
-------------------------+-------+-------++-------
Melee: Long sword        |    83 |    20 ||   103
       Tailslap          |     1 |       ||     1
Throw: Throwing net      |     2 |       ||     2
       Dart              |       |     7 ||     7
 Stab: Held in net/web   |     1 |       ||     1
  Eat: Chunk             |     2 |     1 ||     3
Armor: Leather armour    |    12 |       ||    12
       Ring mail         |    11 |     7 ||    18
Dodge: Dodged            |    69 |    14 ||    83
       Rpst.: Long sword |    21 |     5 ||    26
